 Dungeon Crawl Stone Soup version 0.28-a0-1002-gf00fe891ef (webtiles) character file.

Game seed: 15995806657692672622

9716 bearlyready the Grappler (level 11, -1/92 HPs)
             Began as a Ghoul Gladiator on Dec 6, 2021.
             Was a Believer of Nemelex Xobeh.
             Slain by a two-headed ogre (26 damage)
             ... on level 9 of the Dungeon.
             The game lasted 00:21:04 (11083 turns).

bearlyready the Grappler (Ghoul Gladiator)         Turns: 11083, Time: 00:21:05

Health: -1/92      AC:  9    Str: 23    XL:     11   Next: 50%
Magic:  13/13      EV: 11    Int:  3    God:    Nemelex Xobeh [**....]
Gold:   1141       SH: 10    Dex: 14    Spells: 10/10 levels left

rFire   + . .      SeeInvis +     - Unarmed
rCold   + + .      Faith    .   F - +0 kite shield
rNeg    + + +      Spirit   .   S - +3 leather armour of Dramatic Exits {Dex+4 SInv}
rPois   ∞          Reflect  .   C - +2 hat
rElec   .          Harm     .   T - scarf {rC+ rF+}
rCorr   +          Rampage  .   (no gloves)
Will    .....                   h - +0 pair of boots
Stlth   +.........              w - amulet of regeneration
HPRegen 0.00/turn               x - ring of resist corrosion
MPRegen 0.13/turn               l - ring "Quotat" {rPois Slay+5}

@: inhibited regen
A: claws 1, cold resistance 1, negative energy resistance 3, inhibited
regeneration, torment resistance 2
a: Renounce Religion, Draw Escape, Draw Destruction, Draw Summoning


You were on level 9 of the Dungeon.
You worshipped Nemelex Xobeh.
Nemelex Xobeh was pleased with you.
You visited 2 branches of the dungeon, and saw 11 of its levels.
You also visited: Ossuary and Bailey.

You collected 1196 gold pieces.
You spent 55 gold pieces at shops.

Inventory:

Hand Weapons
 b - a +0 hunting sling
 O - the +7 Singing Sword {vorpal, sonic wave}
   (You found it on level 5 of the Dungeon)

   It inflicts extra damage upon your enemies.
   It radiates damaging sonic waves as it strikes, especially in combat
   involving dangerous or numerous foes.
Missiles
 n - 360 stones
 A - 2 boomerangs of dispersal
 B - 5 boomerangs
 N - 49 sling bullets
 P - 8 poisoned darts (quivered)
Armour
 g - a +0 cloak
 h - a +0 pair of boots (worn)
 C - a +2 hat (worn)
 F - a +0 kite shield (worn)
 G - +0 steam dragon scales
 M - a +0 helmet
 S - the +3 leather armour of Dramatic Exits (worn) {Dex+4 SInv}
   (You found it on level 7 of the Dungeon)

   Dex:       It affects your dexterity (+4).
   SInv:      It lets you see invisible.
 T - a scarf of resistance (worn)
Jewellery
 e - a ring of ice
 l - the ring "Quotat" (right claw) {rPois Slay+5}
   (You found it on level 8 of the Dungeon)

   [ring of poison resistance]

   Slay:      It affects your accuracy & damage with ranged weapons and melee
   (+5).
   rPois:     It protects you from poison.
 q - a ring of fire
 u - a ring of willpower
 w - an amulet of regeneration (around neck)
 x - a ring of resist corrosion (left claw)
Scrolls
 a - 3 scrolls of holy word
 c - a scroll of vulnerability
 d - 3 scrolls of blinking
 f - 5 scrolls of immolation
 j - 4 scrolls of amnesia
 k - 7 scrolls of teleportation
 r - 2 scrolls of magic mapping
 y - 3 scrolls of silence
 D - a scroll of fear
 J - a scroll of noise
 U - a scroll of enchant armour {unknown}
Potions
 i - a potion of magic {unknown}
 m - 2 potions of brilliance
 o - 4 potions of attraction
 p - a potion of lignification
 z - 3 potions of might
 E - 3 potions of mutation
 H - 2 potions of haste
 I - a potion of cancellation {unknown}
 L - 2 potions of invisibility {unknown}
 Q - 5 potions of curing


   Skills:
 + Level 7.5 Fighting
 + Level 5.2(5.3) Slings
 - Level 1.7(3.7) Throwing
 - Level 2.6 Dodging
 + Level 7.6 Shields
 + Level 13.5 Unarmed Combat
 + Level 4.9 Invocations


You had 10 spell levels left.
You didn't know any spells.
Your spell library contained the following spells:

 Spells                   Type           Power      Damage    Failure   Level
 Blink                    Tloc           0%         N/A       95%         2
 Ignite Poison            Fire/Tmut/Pois 0%         N/A       99%         3
 Lesser Beckoning         Tloc           0%         N/A       99%         3
 Mephitic Cloud           Conj/Pois/Air  0%         N/A       99%         3
 Freezing Cloud           Conj/Ice/Air   0%         6-21      100%        5
 Manifold Assault         Tloc           0%         N/A       100%        5


Dungeon Overview and Level Annotations

Branches:
Dungeon (10/15)            Temple (1/1) D:7         Ossuary (visited)
 Bailey (visited)
   Lair: D:8-11         Orc: D:9-12

Altars:
Ashenzari
Cheibriados
Dithmenos
Elyvilon
Fedhas
Gozag
Hepliaklqana
Kikubaaqudgha
Makhleb
Nemelex Xobeh
Okawaru
Qazlal
Ru
Sif Muna
Trog
Uskayaw
Vehumet
Wu Jian
Xom
Yredelemnul
Zin
The Shining One

Shops:
D:6 *   D:7 (


Innate Abilities, Weirdness & Mutations

You thrive by killing the living.
You are immune to poison.
You have sharp fingernails.
Your flesh is cold resistant. (rC+)
You are immune to negative energy. (rN+++)
You do not regenerate when monsters are visible.
You are immune to unholy pain and torment.


Message History

The howler monkey hoots and howls with incredible vigour!
The howler monkey hoots and howls with incredible vigour! x2
The howler monkey hoots and howls with incredible vigour!
The howler monkey hoots and howls with incredible vigour!
The howler monkey hoots and howls with incredible vigour!
The howler monkey hoots and howls with incredible vigour!
The howler monkey hoots and howls with incredible vigour!
There is a stone staircase leading up here.
The two-headed ogre hits you with a +0 giant club!!
You block the two-headed ogre's attack.
You climb upwards.
There is a stone staircase leading down here.
Throw: 3 boomerangs (disperse)
Press: ? - help, Q - select action, (/) - cycle Shift-Dir - straight line, f - two-headed ogre
Aim: a two-headed ogre, wielding two +0 giant clubs (80% to hit)
You throw a boomerang of dispersal.
The boomerang of dispersal hits the two-headed ogre.
The two-headed ogre blinks!
The two-headed ogre is lightly wounded.
Throw: 9 darts (poison)
Press: ? - help, Q - select action, (/) - cycle Shift-Dir - straight line, f/p - two-headed ogre
Aim: a two-headed ogre, wielding two +0 giant clubs (lightly wounded, 80% to hit)
You throw a poisoned dart.
The poisoned dart hits the two-headed ogre.
The two-headed ogre is lightly wounded.
You block the two-headed ogre's attack.
The two-headed ogre hits you with a +0 giant club!!
You claw the two-headed ogre!
The two-headed ogre is lightly wounded.
You draw a card...
You have drawn the Cloud.
Clouds appear around you!
The deck of cards disappears without a trace.
The two-headed ogre hits you with a +0 giant club!!
The two-headed ogre hits you with a +0 giant club!
* * * LOW HITPOINT WARNING * * *
You feel much better.
The two-headed ogre hits you with a +0 giant club!
* * * LOW HITPOINT WARNING * * *
The two-headed ogre hits you with a +0 giant club!!
You die...
Your body disappears without a glow.

.)....#............+.........#
#######............#.........#
...................#.........#
...................#.........#
.........<.........#.........#
...................#.#####...#
.....###########...#.........#
.....#.........#'###.........#
###+##.###......@O.....[.....#
.......# #......###..........#
.......###..(...# #...####...#
................# #...# #...#
................###...####...#
..............>.§§....[......#
##############################


You could see a two-headed ogre.

Vanquished Creatures
  Pikel (D:9)
  Maggie (D:9)
  Sigmund (D:5)
  A shadow (D:9)
  13 yaks
  A wyvern (D:8)
  2 steam dragons
  2 acid dragons
  11 orc warriors
  3 black bears
  An ice beast (D:6)
  A sky beast (D:5)
  An ogre (D:5)
  3 necrophages
  A phantom (D:4)
  3 centaurs
  A lemure (D:9)
  3 kobold brigands
  2 bullfrogs
  A wyvern zombie (D:8)
  15 scorpions
  4 wights (D:7)
  2 howler monkeys
  3 centaur zombies
  3 human zombies (Ossuary)
  5 orc priests
  2 centaur skeletons (D:5)
  3 jellies
  A bullfrog skeleton (D:7)
  2 hounds (D:6)
  Jessica (D:3)
  Ijyb (D:3)
  4 iguanas
  8 scorpion zombies (Ossuary)
  Natasha (twice) (D:3)
  9 orc wizards
  A hound zombie (D:5)
  3 mummies (Ossuary)
  A howler monkey zombie (D:8)
  6 gnolls
  5 adders
  2 white imps
  An ufetubus (D:4)
  An adder skeleton (D:2)
  8 worms
  2 dart slugs
  41 orcs
  9 endoplasms
  A giant cockroach (D:1)
  A gnoll zombie (Ossuary)
  10 goblins
  12 hobgoblins
  2 quokkas
  4 ball pythons
  12 bats
  5 frilled lizards
  4 goblin zombies
  3 hobgoblin zombies (Ossuary)
  19 kobolds
  2 kobold zombies (Ossuary)
  A quokka zombie (D:6)
  7 rats
281 creatures vanquished.

Vanquished Creatures (collateral kills)
  2 orc knights (Bailey)
  An orc warrior (Bailey)
3 creatures vanquished.

Vanquished Creatures (others)
  16 fungi (D:5)
  A plant (D:7)
17 creatures vanquished.

Grand Total: 301 creatures vanquished

Notes
Turn   | Place    | Note
-------+----------+-------------------------------------------
     0 | D:1      | bearlyready the Ghoul Gladiator began the quest for the
                  | Orb.
     0 | D:1      | Reached XP level 1. HP: 17/17 MP: 0/0
   121 | D:1      | Reached skill level 4 in Unarmed Combat
   121 | D:1      | Reached XP level 2. HP: 24/24 MP: 1/1
   286 | D:1      | Reached XP level 3. HP: 29/29 MP: 2/2
   723 | D:2      | Reached skill level 5 in Unarmed Combat
   938 | D:2      | Reached XP level 4. HP: 24/36 MP: 3/3
  1390 | D:3      | Noticed Jessica
  1398 | D:3      | Killed Jessica
  1399 | D:3      | Reached skill level 6 in Unarmed Combat
  1399 | D:3      | Reached XP level 5. HP: 19/41 MP: 4/4
  1957 | D:3      | Noticed Ijyb
  1965 | D:3      | Killed Ijyb
  1965 | D:3      | Noticed Natasha
  2243 | D:3      | Killed Natasha
  2688 | D:3      | Reached skill level 7 in Unarmed Combat
  2688 | D:3      | Reached XP level 6. HP: 48/48 MP: 5/5
  3013 | D:4      | Noticed a necrophage
  3025 | D:4      | Killed a necrophage
  3026 | D:4      | Reached skill level 8 in Unarmed Combat
  3361 | D:4      | Reached XP level 7. HP: 55/55 MP: 6/6
  3674 | D:4      | Noticed a moth of wrath
  3676 | D:4      | Found a bloodstained altar of Trog.
  4036 | D:5      | Entered Level 5 of the Dungeon
  4175 | D:5      | You fall into a shaft and drop 3 floors!
  4182 | D:8      | Reached skill level 9 in Unarmed Combat
  4398 | D:6      | Found Engeb's General Store.
  4403 | D:6      | Bought a scroll of fear for 35 gold pieces
  4403 | D:6      | Bought a scroll of identify for 20 gold pieces
  4516 | D:6      | Reached skill level 10 in Unarmed Combat
  4557 | D:6      | Noticed a steam dragon
  4574 | D:5      | Reached XP level 8. HP: 50/61 MP: 7/7
  4581 | D:5      | Reached skill level 1 in Shields
  4698 | D:6      | Found a sand-covered staircase.
  4705 | Ossuary  | Entered an ossuary
  4766 | Ossuary  | Reached skill level 11 in Unarmed Combat
  4908 | Ossuary  | Reached XP level 9. HP: 62/67 MP: 8/8
  5217 | D:5      | Reached skill level 5 in Shields
  5456 | D:5      | Reached skill level 12 in Unarmed Combat
  6159 | D:3      | Noticed Natasha
  6166 | D:3      | Killed Natasha
  6392 | D:5      | Found the +7 Singing Sword {vorpal, sonic wave}
  6484 | D:5      | Reached skill level 1 in Slings
  6583 | D:5      | Found a faded altar of an unknown god.
  6583 | D:5      | Noticed Sigmund
  6584 | D:5      | Found a hazy altar of Hepliaklqana.
  6619 | D:5      | Killed Sigmund
  7104 | D:6      | Reached XP level 10. HP: 76/80 MP: 9/9
  7280 | D:6      | Reached skill level 5 in Fighting
  7414 | D:7      | Identified the +3 leather armour of Dramatic Exits {Dex+4
                  | SInv}
  7628 | D:7      | Found Gareczot's Hydra Hut.
  7632 | D:7      | Noticed a seven-headed hydra
  8165 | D:7      | Found a staircase to the Ecumenical Temple.
  8318 | Temple   | Entered the Ecumenical Temple
  8481 | Temple   | Became a worshipper of Nemelex Xobeh the Trickster
  8640 | D:8      | Reached skill level 1 in Invocations
  8827 | D:8      | Identified the ring "Quotat" {rPois Slay+5}
  9119 | D:8      | Found an opulent altar of Gozag.
  9414 | D:9      | Found a burning altar of Makhleb.
  9508 | D:9      | Reached skill level 13 in Unarmed Combat
  9588 | D:9      | Noticed Pikel
  9591 | D:9      | Noticed Maggie
  9607 | D:9      | Killed Pikel
  9626 | D:9      | Killed Maggie
  9627 | D:9      | Reached XP level 11. HP: 80/91 MP: 12/12
  9678 | D:9      | Reached * piety under Nemelex Xobeh
  9907 | D:9      | Received a gift from Nemelex Xobeh
 10033 | D:9      | Found an ornate altar of the Wu Jian Council.
 10296 | D:10     | Entered Level 10 of the Dungeon
 10336 | D:10     | Found a flagged portal.
 10354 | Bailey   | Entered a bailey
 10629 | Bailey   | Noticed an orc knight
 10710 | Bailey   | Killed an orc knight
 10711 | Bailey   | Reached skill level 5 in Slings
 10794 | Bailey   | Noticed an orc knight
 10804 | Bailey   | Killed an orc knight
 10926 | D:10     | Reached ** piety under Nemelex Xobeh
 11007 | D:10     | Noticed a two-headed ogre
 11083 | D:9      | Slain by a two-headed ogre

Illustrated notes

Levels and vault maps discovered:
D:1:      scummos_arrival_checkerplants, layout_rooms,
          wander_ebering_terrifying_dragon_lair
D:2:      layout_loops_ring
D:3:      layout_basic, mainiacjoe_overflow_tiny_flanked, patterned_corridor,
          uniq_natasha, uniq_jessica, uniq_ijyb
D:4:      layout_loops_ring, tgw_trog
D:5:      old_forge, layout_loops_ring, beargit_hepliaklqana_dungeon_heroes
D:6:      layout_gridville, serial_shops, nicolae_shop_hallway_plus,
          enter_ossuary_4, kennysheep_flooded_box
D:7:      lemuel_ice_spiral_2, layout_basic, temple_hall, doesnt_shop_hydraphobe
D:8:      layout_loops_ring, mainiacjoe_overflow_paths
D:9:      layout_stronghold, general_overflow_altar,
          nicolae_overflow_hidden_temple, wad_dig_loot, uniq_maggie, uniq_pikel
D:10:     layout_cross, enter_bailey_3
Temple:   nicolae_temple_elliptical

Skill      XL: |  1  2  3  4  5  6  7  8  9 10 11 |
---------------+----------------------------------+-----
Unarmed Combat | 4 5 6 7 8 10 11 12 13 | 13.5
Shields        | 4 5 7 |  7.6
Fighting       | 4 6 7 |  7.5
Slings         | 2 4 5 |  5.2
Invocations    | 3 4 |  4.9
Throwing       | |  1.7
Dodging        | |  2.6

Action                   |  1- 3 |  4- 6 |  7- 9 | 10-12 || total
-------------------------+-------+-------+-------+-------++-------
Melee: Unarmed           |   114 |   141 |   422 |   280 ||   957
       Punch             |     1 |     2 |     3 |       ||     6
 Fire: Hunting sling     |       |       |       |    23 ||    23
Throw: Throwing net      |     1 |     6 |       |       ||     7
       Stone             |       |       |     8 |     2 ||    10
       Dart              |       |       |       |    31 ||    31
       Boomerang         |       |       |       |     1 ||     1
Invok: Draw Destruction  |       |       |       |     4 ||     4
       Draw Summoning    |       |       |       |     3 ||     3
       Draw Escape       |       |       |       |     1 ||     1
Evoke: Wand              |       |       |     4 |    10 ||    14
  Use: Potion            |       |     1 |     4 |     2 ||     7
       Scroll            |       |       |     9 |     7 ||    16
 Stab: Held in net/web   |       |     1 |       |       ||     1
       Distracted        |       |       |       |     1 ||     1
Armor: Leather armour    |    31 |       |       |    59 ||    90
       Scale mail        |    11 |    50 |   190 |     5 ||   256
Dodge: Dodged            |    50 |    56 |   145 |    92 ||   343
Block: Kite shield       |       |       |   152 |   174 ||   326

Table legend: (Time is in decaauts)
 A = Elapsed time spent in this place.
 B = Non-inter-level travel time spent in this place.
 C = Inter-level travel time spent in this place.
 D = Time resting spent in this place.
 E = Time spent auto-exploring this place.
 F = Levels seen in this place.
 G = Mean time per level.
                   A        B        C        D        E       F      G
               +--------+--------+--------+--------+--------+-----+--------+
         Total |  11031 |  10252 |    779 |    693 |   6890 |  13 |  848.5 |
       Dungeon |   9885 |   9131 |    754 |    498 |   6419 |  10 |  988.5 |
        Temple |    174 |    149 |     25 |      0 |    134 |   1 |  174.0 |
       Ossuary |    466 |    466 |      0 |      0 |    202 |   1 |  466.0 |
        Bailey |    505 |    505 |      0 |    195 |    135 |   1 |  505.0 |
               +--------+--------+--------+--------+--------+-----+--------+

Top non-repeatable levels by time:
     D:3: 1584 daAuts
     D:4: 1284 daAuts
     D:7: 1111 daAuts
     D:5: 1084 daAuts
     D:2: 1018 daAuts
     D:6: 1004 daAuts
     D:9: 991 daAuts
     D:8: 835 daAuts
     D:1: 709 daAuts
  Bailey: 505 daAuts
 Ossuary: 466 daAuts
    D:10: 261 daAuts
  Temple: 174 daAuts
